 Dungeon Crawl Stone Soup version 0.18.1-6-gd335043 (webtiles) character file.

133 richardnixon the Cutter (level 4, -1/33 HPs)
             Began as a Vampire Gladiator on May 16, 2016.
             Slain by an orc
             ... wielding a +0 falchion
              (9 damage)
             ... on level 4 of the Dungeon.
             The game lasted 00:05:14 (2682 turns).

richardnixon the Cutter (Vampire Gladiator)         Turns: 2682, Time: 00:05:14

Health: -1/33      AC:  4    Str: 17    XL:     4   Next: 94%
Magic:  4/4        EV: 13    Int: 10    God:
Gold:   136        SH:  6    Dex: 19    Spells: 0 memorised, 3 levels left

rFire  . . .     SeeInvis +     a - +0 rapier
rCold  + . .     Gourm    .     b - +0 leather armour
rNeg   + + .     Faith    .     n - +2 buckler
rPois  +         Spirit   .     c - +0 helmet
rElec  .         Dismiss  .     (no cloak)
rCorr  .         Reflect  .     (no gloves)
SustAt .         Harm     .     (no boots)
MR     .....                    (no amulet)
Stlth  +++.......               r - +3 ring of strength
                                j - +4 ring of dexterity

@: regenerating slowly, not resistant to hostile enchantments, fairly stealthy
A: fangs 3, see invisible, unbreathing
a: Bat Form


You were on level 4 of the Dungeon.
You were thirsty.

You visited 1 branch of the dungeon, and saw 4 of its levels.

You collected 136 gold pieces.

Inventory:

Hand Weapons
 a - a +0 rapier (weapon)
Missiles
 d - 3 throwing nets (quivered)
Armour
 b - a +0 leather armour (worn)
 c - a +0 helmet (worn)
 n - a +2 buckler (worn)
Jewellery
 j - a +4 ring of dexterity (left hand)
 r - a +3 ring of strength (right hand)
Wands
 g - a wand of random effects (13/48)
Scrolls
 f - 4 scrolls of identify
 h - a scroll of teleportation {unknown}
 k - a scroll of remove curse {unknown}
 m - 3 scrolls of magic mapping {unknown}
 p - 2 scrolls of amnesia {unknown}
Potions
 e - a potion of magic {unknown}
 i - a potion of curing
 l - a potion of resistance
 o - 2 potions of agility
 q - 2 potions of brilliance {unknown}


   Skills:
 - Level 1.7 Fighting
 * Level 5.4 Short Blades
 - Level 1.5 Throwing
 - Level 3.2 Dodging
 - Level 4.0 Stealth


You had 3 spell levels left.
You didn't know any spells.

Dungeon Overview and Level Annotations

Branches:
Dungeon (4/15)
 Temple: D:4-7

Altars:
Nemelex Xobeh
Pakellas
Vehumet


Innate Abilities, Weirdness & Mutations

You heal slowly.
You have razor-sharp teeth.
You have supernaturally acute eyesight.
You can survive without breathing.


Message History

The orc hits you but does no damage.
You barely miss the orc. You bite the orc.
You draw the orc's blood!
You feel better.
You feel slightly less thirsty.
The orc is severely wounded.
The orc hits you with a mace. The orc misses you.
The orc hits you with a dagger.
You hit the orc.
You kill the orc!
You block the orc's attack. The orc hits you with a dagger.
You hit the orc but do no damage. The orc hits you with a falchion.
* * * LOW HITPOINT WARNING * * *
You block the orc's attack.
You barely miss the orc. You hit the orc but do no damage.
You bite the orc, but do no damage. The orc misses you.
The orc closely misses you.
You hit the orc but do no damage. The orc closely misses you.
The orc barely misses you.
You hit the orc but do no damage. Your bite misses the orc.
You block the orc's attack. The orc hits you with a falchion!
You die...

## ## . .. ####### #.#.
## #...... #.#. .#
#...... ...## #.#
#...... #)o###.#
#...... #o@.##.##
###......
#...##..###........
#..!..#......######
.#...#(...).........
.[.................†..
..#.#######....#.......
#. #.#.##.......
#.#######.#.##.......
....................


You could see 2 orcs.

Vanquished Creatures
  A scorpion (D:4)
  2 adders
  An ooze (D:2)
  An adder skeleton (D:4)
  A dart slug (D:3)
  4 orcs
  4 giant cockroaches
  4 goblins
  8 hobgoblins
  6 jackals (D:1)
  2 quokkas (D:4)
  5 bats
  A giant newt (D:1)
  6 kobolds
  5 rats
51 creatures vanquished.

Notes
Turn   | Place    | Note
--------------------------------------------------------------
     0 | D:1      | richardnixon the Vampire Gladiator began the quest for the Orb.
     0 | D:1      | Reached XP level 1. HP: 16/16 MP: 1/1
    37 | D:1      | Reached skill level 1 in Stealth
    39 | D:1      | Reached XP level 2. HP: 20/22 MP: 2/2
   365 | D:1      | Reached skill level 4 in Short Blades
  1145 | D:2      | Reached XP level 3. HP: 26/27 MP: 3/3
  1277 | D:2      | Found a radiant altar of Vehumet.
  1286 | D:2      | Found a sparkling altar of Nemelex Xobeh.
  2052 | D:3      | Found an oddly glowing altar of Pakellas.
  2550 | D:4      | Noticed a scorpion
  2551 | D:4      | Killed a scorpion
  2551 | D:4      | Reached skill level 5 in Short Blades
  2551 | D:4      | Reached XP level 4. HP: 33/33 MP: 4/4
  2682 | D:4      | Slain by an orc

Skill      XL: |  1  2  3  4 |
---------------+-------------+-----
Stealth        | 1 3 4 |  4.0
Short Blades   | 4 5 |  5.4
Fighting       | |  1.7
Throwing       | |  1.5
Dodging        | |  3.2

Action                   |  1- 3 |  4- 6 || total
-------------------------+-------+-------++-------
Melee: Rapier            |   137 |    32 ||   169
       Bite              |    17 |     8 ||    25
  Use: Scroll            |       |     5 ||     5
 Stab: Sleeping          |     8 |     2 ||    10
  Eat: Corpse            |     3 |       ||     3
Armor: Leather armour    |    37 |     5 ||    42
Dodge: Dodged            |   104 |    18 ||   122
Block: Buckler           |    17 |    16 ||    33
